AoeStats
← 断天泪

Arena

510125689Analyzed
3v3 RM · 4d ago on Sep 29, 2026· 52m 1s· 6 players
Game mode
Random Map
Map size
Normal (6 player)
Population
200
Speed
Normal
Resources
Standard
Victory
Conquest
Starting age
Dark Age
Ending age
Imperial Age
RankedLock teamsTeams togetherTeam positionsShared explorationLock speedFull tech treeHidden civsTurbo modeCheats
Victory
Defeat
🇨🇳 Mongols · China
812
+14
🇲🇽 Sicilians · Mexico
793
+15
🇨🇴 Britons · Colombia
750
+17
🇪🇸 Huns · Spain
797
-16
🇪🇸 Vietnamese · Spain
780
-16
🇬🇧 Lithuanians · United Kingdom
748
-14
Benthebrit20
FalteringHarpy5
2:47 Loom
11:26 Feudal Age
13:19 Gold Mining
13:21 Double-Bit Axe
17:39 Castle Age
15:40 Horse Collar
18:36 Crossbowman
22:59 Elite Skirmisher
26:47 Wheelbarrow
26:48 Padded Archer Armor
27:34 Stone Mining
27:44 Town Watch
28:53 Fletching
30:24 Thumb Ring
31:45 Leather Archer Armor
31:36 Treadmill Crane
32:07 Masonry
32:14 Bodkin Arrow
32:41 Ballistics
32:39 Bow Saw
33:51 Heavy Plow
34:16 Scale Barding Armor
35:16 Fortified Wall
36:18 Chain Barding Armor
36:09 Forging
37:16 Stone Shaft Mining
38:27 Iron Casting
41:20 Imperial Age
38:52 Husbandry
39:02 Bloodlines
39:52 Hand Cart
39:40 Town Patrol
41:16 Chatras
41:34 Imperial Skirmisher
41:57 Elite Battle Elephant
43:22 Ring Archer Armor
43:38 Bracer
44:14 Plate Barding Armor
44:37 Paper Money
46:22 Murder Holes
46:13 Arrowslits
markihuana
11:10 Feudal Age
15:48 Double-Bit Axe
20:17 Castle Age
19:45 Gold Mining
19:39 Horse Collar
20:24 Stone Mining
24:41 Bow Saw
24:35 Heavy Plow
27:10 Gold Shaft Mining
31:33 Wheelbarrow
30:46 Town Watch
31:30 Masonry
31:50 Town Patrol
32:59 Hand Cart
35:36 Imperial Age
34:30 Loom
34:45 Pikeman
35:26 Squires
35:13 Arson
35:32 Scale Mail Armor
35:43 Forging
36:29 Ballistics
37:54 Two-Man Saw
36:42 Halberdier
37:42 Chain Mail Armor
38:04 Iron Casting
38:41 Chemistry
CaminanteH
5:19 Loom
12:16 Feudal Age
16:44 Castle Age
22:10 Padded Archer Armor
25:40 Fletching
27:55 Forging
31:45 Bodkin Arrow
32:28 Double-Bit Axe
32:36 Town Watch
33:27 Wheelbarrow
32:20 Light Cavalry
33:01 Husbandry
33:48 Bow Saw
37:03 Ballistics
36:25 Treadmill Crane
36:55 Masonry
39:41 Scale Barding Armor
53:54 Imperial Age
polovermont4898
0:33 Loom
15:24 Feudal Age
15:45 Horse Collar
15:52 Double-Bit Axe
16:00 Gold Mining
16:18 Stone Mining
19:18 Wheelbarrow
19:02 Scale Mail Armor
21:27 Castle Age
20:28 Arson
20:56 Town Watch
21:51 Forging
22:33 Bloodlines
24:26 Husbandry
25:09 Squires
24:55 Gambesons
24:48 Light Cavalry
26:29 Hand Cart
29:02 Fletching
29:31 Chain Mail Armor
29:52 Iron Casting
29:26 Heavy Plow
31:09 Bodkin Arrow
31:29 Bow Saw
32:35 Town Patrol
36:57 Murder Holes
37:15 Masonry
37:39 Ballistics
37:49 Scale Barding Armor
43:41 Chain Barding Armor
46:09 Imperial Age
46:06 First Crusade
46:19 Capped Ram
46:35 Elite Serjeant
47:00 Pikeman
50:13 Siege Ram
51:05 Cavalier
断天泪
11:15 Feudal Age
16:48 Castle Age
17:00 Horse Collar
17:08 Double-Bit Axe
17:26 Gold Mining
17:26 Stone Mining
18:04 Bow Saw
18:32 Heavy Plow
19:12 Gold Shaft Mining
19:21 Stone Shaft Mining
25:06 Wheelbarrow
24:19 Town Watch
26:28 Hand Cart
26:04 Loom
26:29 Town Patrol
30:42 Imperial Age
30:54 Fletching
31:04 Padded Archer Armor
32:26 Chemistry
32:09 Ballistics
32:33 Bodkin Arrow
32:53 Leather Archer Armor
34:00 Caravan
34:04 Bracer
33:33 Elite Mangudai
34:36 Conscription
34:39 Drill
37:06 Forging
37:02 Scale Barding Armor
38:15 Light Cavalry
39:07 Bloodlines
38:58 Husbandry
39:05 Hussar
44:16 Chain Barding Armor
44:31 Iron Casting
45:12 Coinage
46:32 Banking
48:32 Heavy Camel Rider
48:34 Elite Steppe Lancer
50:18 Blast Furnace
Connection lost

Rejoining the realm…

Still unreachable

The connection could not be restored.

Session expired

The server has moved on; the page needs a fresh start.